[Event "Early-Titled-Tuesday-Blitz-November-28-2023"]
[Site "Chess.com"]
[Date "2023.11.28"]
[Round "3"]
[White "jamengrand"]
[Black "Gnechko_Ruslan"]
[Result "1-0"]
[WhiteElo "2249"]
[BlackElo "2395"]
[TimeControl "180+1"]
[EndTime "8:27:24 PST"]
[Termination "jamengrand won by resignation"]

1. e4 c5 2. Nf3 g6 3. d4 cxd4 4. c3 Bg7 5. cxd4 d5 6. e5 a6 7. h3 Nc6 8. Nc3 f6 9. Bf4 fxe5 10.
Nxe5 Nf6 11. Nxc6 bxc6 12. Bd3 O-O 13. Be5 Nh5 14. Bxg7 Kxg7 15. O-O Nf4 16. Re1 Rb8 17. b3 Qd6 18. Bf1 Qf6 19. Re5 Rf7 20. Qd2 Bd7 21.
Na4 a5 22. Nc5 Bc8 23. Rae1 Rb4 24. Kh1 Qh4 25. g3 Qh6 26. Rxe7 Bxh3 27. Rxf7+ Kxf7 28. Qxf4+ Qxf4 29. gxf4 Rxd4 30. Bxh3 1-0

[Event "Early-Titled-Tuesday-Blitz-November-28-2023"]
[Site "Chess.com"]
[Date "2023.11.28"]
[Round "3"]
[White "psychokiller48"]
[Black "shimastream"]
[Result "0-1"]
[WhiteElo "2710"]
[BlackElo "2949"]
[TimeControl "180+1"]
[EndTime "8:27:25 PST"]
[Termination "shimastream won by checkmate"]

1. Nf3 d5 2. c4 c6 3. b3 Nf6 4. Bb2 Bg4 5. Ne5 Bf5 6. g3 Nbd7 7. Bg2 e6 8. O-O Bd6 9. d4 O-O 10. Nd2 Qe7 11. a3 a5 12. e3 h6 13. Qe2 Bxe5 14.
dxe5 Ne4 15. Nxe4 dxe4 16. Bc3 Nc5 17. b4 Nd3 18. c5 axb4 19. axb4 Qc7 20. Qc2 Rfd8 21.
Rfb1 h5 22. Bd4 h4 23. g4 Bxg4 24. Bxe4 Nxe5 25. Qc3 Nf3+ 26. Bxf3 Bxf3 27. Bxg7 f5 28. Be5 Qf7 29. Kf1 Qg6 30. Rxa8 Qg2+ 31. Ke1 Qg1# 0-1

[Event "Early-Titled-Tuesday-Blitz-November-28-2023"]
[Site "Chess.com"]
[Date "2023.11.28"]
[Round "3"]
[White "queen_iryna"]
[Black "TheCavemanChess"]
[Result "0-1"]
[WhiteElo "2321"]
[BlackElo "2712"]
[TimeControl "180+1"]
[EndTime "8:27:25 PST"]
[Termination "TheCavemanChess won by resignation"]

1. e4 c5 2. Nf3 Nc6 3. Bb5 e5 4.
Bxc6 dxc6 5. d3 f6 6. O-O Be6 7. Nc3 Qd7 8. Ne2 Ne7 9. Ng3 h5 10. Be3 h4 11. Ne2 b6 12. a3 g5 13. b4 Ng6 14. bxc5 bxc5 15. c3 Rd8 16. d4 cxd4 17. cxd4 h3 18. g3 Bg4 19. Nc1 exd4 20. Bd2 c5 21.
Nd3 c4 22. Nde1 c3 23. Bc1 d3 24. Be3 d2 25. Nc2 Qa4 26. Ncd4 Qxd1 27. Raxd1 Bc5 28. Rb1 Bxf3 29. Nxf3 Bxe3 30. fxe3 c2 31. Ra1 d1=Q 0-1

[Event "Early-Titled-Tuesday-Blitz-November-28-2023"]
[Site "Chess.com"]
[Date "2023.11.28"]
[Round "3"]
[White "PattyCastillo"]
[Black "ChessWarrior3"]
[Result "0-1"]
[WhiteElo "2018"]
[BlackElo "2436"]
[TimeControl "180+1"]
[EndTime "8:27:26 PST"]
[Termination "ChessWarrior3 won by resignation"]

1. d4 d5 2. Nf3 Nf6 3. e3 e6 4.
Bd3 c5 5. b3 a6 6. Bb2 b5 7. c4 dxc4 8. bxc4 cxd4 9. exd4 bxc4 10. Bxc4 Be7 11. O-O O-O 12. Nc3 Bb7 13. Rb1 Qd6 14.
Na4 Nbd7 15. Nc5 Nxc5 16. dxc5 Qxc5 17. Bd3 Qc6 18. Rc1 Qd5 19. Qe2 Ng4 20. Rfd1 Qh5 21. h3 Nf6 22. Ne5 Qxe2 23. Bxe2 Nd5 24. Bf3 Rac8 25.
Nd7 Rfd8 26. Bxd5 Rxc1 27. Rxc1 Bxd5 28. Nb6 Bxa2 29. Be5 f6 30. Bg3 e5 31. Rc7 Bb4 32. Nc4 Rd1+ 33. Kh2 Rc1 34. Rc8+ Bf8 35. Nd6 Rxc8 36.
Nxc8 Bc5 37. f4 Be6 38. fxe5 Bxc8 39. exf6 gxf6 40. Bc7 Kf7 41. Kg3 Ke6 42. Kf4 Bd6+ 43. Bxd6 Kxd6 44. Ke3 a5 45. Kd4 a4 46. Kc4 Ke5 47. Kb4 Kf4 48. Kxa4 Kg3 0-1

[Event "Early-Titled-Tuesday-Blitz-November-28-2023"]
[Site "Chess.com"]
[Date "2023.11.28"]
[Round "3"]
[White "Shuvalov"]
[Black "EvgenyBurmakin"]
[Result "1-0"]
[WhiteElo "2577"]
[BlackElo "2396"]
[TimeControl "180+1"]
[EndTime "8:27:27 PST"]
[Termination "Shuvalov won on time"]

1. d4 Nf6 2. c4 g6 3. Nc3 Bg7 4. e4 d6 5. Nf3 O-O 6. Be2 e5 7. O-O Nc6 8. d5 Ne7 9. Ne1 Ne8 10. f3 f5 11. g4 fxg4 12. fxg4 Rxf1+ 13. Kxf1 c6 14. Be3 cxd5 15. cxd5 h6 16. h4 Kh7 17. Kg2 Ng8 18. Kg3 Bf6 19. Ng2 Bd7 20. Qb3 Ng7 21. Rf1 a6 22. Qb6 Qxb6 23. Bxb6 Rc8 24. Ne3 Be8 25.
Nc4 Be7 26. a4 Kh8 27. a5 Kh7 28. Ra1 Nf6 29. Ra3 Nd7 30. Rb3 1-0

[Event "Early-Titled-Tuesday-Blitz-November-28-2023"]
[Site "Chess.com"]
[Date "2023.11.28"]
[Round "3"]
[White "LiemLe"]
[Black "KVAIDAN"]
[Result "1-0"]
[WhiteElo "3126"]
[BlackElo "2355"]
[TimeControl "180+1"]
[EndTime "8:27:28 PST"]
[Termination "LiemLe won by checkmate"]

1. Nf3 d6 2. d4 c6 3. e4 Nd7 4. Bc4 h6 5. O-O g5 6. e5 d5 7. Bd3 e6 8. Ne1 c5 9. c3 Qb6 10. Nc2 Ne7 11. a4 Nc6 12. Kh1 cxd4 13. cxd4 Nb4 14.
a5 Qc7 15. Nxb4 Bxb4 16. f4 Nf8 17. Qh5 gxf4 18. Bxf4 Qe7 19. Bg3 Qg5 20. Qxf7+ Kd8 21. Na3 Bd7 22. Nb5 a6 23. Nd6 Bxd6 24. exd6 Rc8 25. Be5 Qg6 26. Qe7# 1-0

[Event "Early-Titled-Tuesday-Blitz-November-28-2023"]
[Site "Chess.com"]
[Date "2023.11.28"]
[Round "3"]
[White "GHANDEEVAM2003"]
[Black "sofaceindisguise"]
[Result "1-0"]
[WhiteElo "3141"]
[BlackElo "2803"]
[TimeControl "180+1"]
[EndTime "8:27:31 PST"]
[Termination "GHANDEEVAM2003 won by resignation"]

1. c4 Nf6 2. Nc3 e6 3. Nf3 c5 4. g3 d5 5. cxd5 Nxd5 6. Bg2 Be7 7. O-O O-O 8. d4 cxd4 9. Nxd5 exd5 10. Nxd4 Nc6 11. Be3 Nxd4 12. Bxd4 Be6 13. Rc1 Qd7 14. Qd2 Rac8 15. Bxa7 Ra8 16. Bb6 Rxa2 17. Rc7 Qb5 18. Bd4 Bd8 19. Rc5 Qb3 20. Rfc1 h6 21. Qf4 Bg5 22.
Qd6 Ra6 23. Qc7 Rc8 24. Qe5 Bf6 25. Rxc8+ Bxc8 26. Rxc8+ Kh7 1-0

[Event "Early-Titled-Tuesday-Blitz-November-28-2023"]
[Site "Chess.com"]
[Date "2023.11.28"]
[Round "3"]
[White "Casper"]
[Black "Sofia_Blokhin"]
[Result "1-0"]
[WhiteElo "2420"]
[BlackElo "2245"]
[TimeControl "180+1"]
[EndTime "8:27:32 PST"]
[Termination "Casper won on time"]

1. d4 f5 2. Nh3 Nf6 3. Nf4 g6 4. h4 d6 5. Nc3 Nc6 6. e4 fxe4 7. Bc4 e5 8. dxe5 Nxe5 9. Qe2 Bf5 10. h5 g5 11. Ne6 Bxe6 12. Bxe6 Qe7 13. Bf5 d5 14.
Bxg5 c6 15. O-O-O Rg8 16. Bh4 Bh6+ 17. Kb1 Bg5 18. f3 Bxh4 19. Rxh4 exf3 20. gxf3 Kf7 21. Re1 Rae8 22. Qd2 Nxf3 23. Rxe7+ Rxe7 24. Qf2 Nxh4 25. a4 Nxf5 26. Qxf5 Rg1+ 27. Ka2 Ree1 28. Qc8 Ra1+ 29.
Kb3 d4 30. Ne2 Rg2 31. Qxb7+ Ke6 32. Nf4+ 1-0

[Event "Early-Titled-Tuesday-Blitz-November-28-2023"]
[Site "Chess.com"]
[Date "2023.11.28"]
[Round "3"]
[White "mishanick"]
[Black "GMKrikor"]
[Result "1-0"]
[WhiteElo "3057"]
[BlackElo "2783"]
[TimeControl "180+1"]
[EndTime "8:27:34 PST"]
[Termination "mishanick won on time"]

1. d4 Nf6 2. c4 g6 3. Nc3 d5 4.
Bg5 Bg7 5. Bxf6 Bxf6 6. cxd5 c6 7.
e4 cxd5 8. e5 Bg7 9. h4 Nc6 10.
h5 O-O 11. hxg6 hxg6 12. Bb5 Bf5 13. Nge2 Rc8 14. Bxc6 Rxc6 15. Qd2 a6 16. Qf4 Re8 17. g4 Bd3 18. Rh3 Bxe2 19. Kxe2 Qb6 20. Qd2 Rc4 21.
Rd3 Qc6 22. b3 Rb4 23. Nxd5 Rb5 24. Ne3 Qe4 25. g5 Rb6 26. Rg1 Rc8 27. Rg4 Qc6 28. d5 Qb5 29. Rc4 Rd8 30. f4 Qd7 31. Rcd4 Qh3 32.
Kf2 Rc8 33. Rc4 Rxc4 34. Nxc4 Qh2+ 35. Kf3 Qh3+ 36. Ke4 1-0

[Event "Early-Titled-Tuesday-Blitz-November-28-2023"]
[Site "Chess.com"]
[Date "2023.11.28"]
[Round "3"]
[White "NovozhilovSemen"]
[Black "rynos0411"]
[Result "1-0"]
[WhiteElo "2732"]
[BlackElo "2508"]
[TimeControl "180+1"]
[EndTime "8:27:34 PST"]
[Termination "NovozhilovSemen won by resignation"]

1. d4 Nf6 2. Nf3 e6 3. e3 b6 4. Bd3 Bb7 5. O-O Be7 6. c4 O-O 7. Nc3 d6 8. d5 e5 9. Ng5 h6 10. Nh3 Bc8 11. f4 Bxh3 12. gxh3 Nbd7 13. Kh1 a5 14. Rg1 Kh8 15. Bc2 Nc5 16. fxe5 dxe5 17. Qf3 Qd7 18. Bd2 Rae8 19. Raf1 Bd8 20. Bf5 Qe7 21. e4 Ng8 22. Qe2 g6 23. Bg4 Kg7 24.
a3 Nb3 25. Be3 Nd4 26. Qd2 c5 27. dxc6 Nxc6 28. Nd5 Qb7 29. Qf2 b5 30. cxb5 Qxb5 31. Bd7 Re7 32. Nxe7 Bxe7 33. Qc2 Nd4 34. Bxd4 Qxd7 35.
Bxe5+ f6 36. Qg2 g5 37. Bc3 Qe6 38. Rf5 a4 39. Rgf1 Rd8 40. h4 Kh7 41. hxg5 hxg5 42. Qh3+ Kg6 43. Rxg5+ Kf7 44. Rg7+ 1-0

[Event "Early-Titled-Tuesday-Blitz-November-28-2023"]
[Site "Chess.com"]
[Date "2023.11.28"]
[Round "3"]
[White "AlexPapasimakopoulos"]
[Black "AvitalBor"]
[Result "1-0"]
[WhiteElo "2603"]
[BlackElo "2828"]
[TimeControl "180+1"]
[EndTime "8:27:35 PST"]
[Termination "AlexPapasimakopoulos won by resignation"]

1. d4 Nf6 2. c4 c5 3. d5 g6 4. Nc3 Bg7 5. e4 O-O 6. Bd3 b5 7. Nxb5 e6 8. h3 exd5 9. exd5 Re8+ 10. Ne2 Ne4 11. O-O a6 12. Nbc3 Nxc3 13. Nxc3 d6 14. Bf4 Ra7 15. Re1 Rxe1+ 16. Qxe1 Rb7 17. Qd2 Bf5 18.
Bxf5 gxf5 19. Re1 Re7 20. b3 h6 21. Ne2 Kh7 22. Ng3 Rxe1+ 23. Qxe1 Qf6 24. Qb1 Kg6 25. h4 h5 26. Bxd6 Nd7 27. Bf4 Bf8 28. Bg5 Qe5 29. Qd1 f4 30. Qxh5+ Kg7 31. Bh6+ Kh7 32. Qxe5 Nxe5 33.
Bxf4 Nd3 34. Be3 Nb4 35. Ne4 Nxa2 1-0

[Event "Early-Titled-Tuesday-Blitz-November-28-2023"]
[Site "Chess.com"]
[Date "2023.11.28"]
[Round "3"]
[White "Arvids_Andrejevs"]
[Black "Timerkhanov"]
[Result "0-1"]
[WhiteElo "2391"]
[BlackElo "2691"]
[TimeControl "180+1"]
[EndTime "8:27:37 PST"]
[Termination "Timerkhanov won by checkmate"]

1. d4 d5 2. Bf4 Nf6 3. e3 c5 4.
dxc5 e6 5. b4 a5 6. c3 axb4 7.
cxb4 Nc6 8. Bb5 Bd7 9. Qb3 b6 10. Bxc6 Bxc6 11. b5 Bd7 12. c6 Bc8 13. Nf3 Bd6 14.
Bxd6 Qxd6 15. Nc3 e5 16. O-O Be6 17. Ng5 O-O 18. Nxe6 fxe6 19. h3 e4 20. a4 Rf7 21.
Ne2 g5 22. Ng3 h5 23. Rfd1 h4 24. Ne2 g4 25. hxg4 Nxg4 26. Nf4 Raf8 27. Qa3 Qe5 28. g3 hxg3 29. fxg3 Qh8 30. Ra2 e5 31. Qb2 Nxe3 32.
Rxd5 Nxd5 33. Nxd5 Rf1+ 34. Kg2 Qh1# 0-1

[Event "Early-Titled-Tuesday-Blitz-November-28-2023"]
[Site "Chess.com"]
[Date "2023.11.28"]
[Round "3"]
[White "masterofpuppets2"]
[Black "kingofthenil"]
[Result "0-1"]
[WhiteElo "2502"]
[BlackElo "2696"]
[TimeControl "180+1"]
[EndTime "8:27:39 PST"]
[Termination "kingofthenil won by resignation"]

1. d4 Nf6 2. c4 e6 3. Nf3 c5 4. d5 d6 5. Nc3 exd5 6. cxd5 g6 7.
h3 Bg7 8. e4 a6 9. a4 Nbd7 10.
Be3 O-O 11. Bd3 Rb8 12. O-O b5 13. axb5 axb5 14. Bxb5 Nxe4 15. Nxe4 Rxb5 16. Nxd6 Rxb2 17. Nc4 Rb4 18. Ra4 Bb7 19. Rxb4 cxb4 20. Nd6 Ba8 21. Qb3 Nf6 22. Qxb4 Nxd5 23. Qa3 Nxe3 24. fxe3 Qe7 25. Nb5 Qxa3 26. Nxa3 Re8 27. Kf2 h6 28. Rd1 Bc6 29.
Nc4 Ra8 30. Nce5 Ra2+ 31. Kg3 Bxe5+ 32. Nxe5 Rxg2+ 33. Kf4 Bb7 34. Rd8+ Kg7 35. Rd7 g5+ 36. Kf5 Bc8 0-1

[Event "Early-Titled-Tuesday-Blitz-November-28-2023"]
[Site "Chess.com"]
[Date "2023.11.28"]
[Round "3"]
[White "Agibileg"]
[Black "juniortay"]
[Result "1-0"]
[WhiteElo "2650"]
[BlackElo "2489"]
[TimeControl "180+1"]
[EndTime "8:27:43 PST"]
[Termination "Agibileg won by resignation"]

1. d4 d5 2. Nf3 c5 3. Bf4 Nc6 4.
e3 Bg4 5. c3 e6 6. Nbd2 Bd6 7.
Bxd6 Qxd6 8. h3 Bxf3 9. Nxf3 Nf6 10.
Bd3 O-O 11. O-O cxd4 12. exd4 Rab8 13. a4 a6 14. Re1 b5 15. axb5 axb5 16. b4 Rfe8 17. Ne5 Qc7 18. Qe2 Nxe5 19. dxe5 Nd7 20. Bxb5 Rec8 21. Ba6 Rd8 22. Ra3 d4 23. cxd4 Rxb4 24.
d5 Nc5 25. d6 Qb6 26. Bc4 Rb2 27. Qe3 Qb4 28. Qc3 Qb6 29. Qa5 Qb8 30. Qxc5 Rc8 31.
Qd4 Qb4 32. Rc3 Rc2 33. Rxc2 Qxe1+ 34. Kh2 Rd8 35. Bd3 g6 36. d7 1-0

[Event "Early-Titled-Tuesday-Blitz-November-28-2023"]
[Site "Chess.com"]
[Date "2023.11.28"]
[Round "3"]
[White "jcmesafischer"]
[Black "StellarChessPro"]
[Result "1-0"]
[WhiteElo "2328"]
[BlackElo "2536"]
[TimeControl "180+1"]
[EndTime "8:27:45 PST"]
[Termination "jcmesafischer won by resignation"]

1. e4 g6 2. d4 Bg7 3. Bc4 d6 4. Nf3 e6 5. Qe2 Ne7 6. c3 a6 7. O-O O-O 8. Nbd2 Nd7 9. Re1 e5 10. Nf1 h6 11. a4 Kh7 12. dxe5 Nxe5 13. Nxe5 dxe5 14. Be3 b6 15. Rad1 Qe8 16. Bb3 Bd7 17.
a5 bxa5 18. Bc5 Rb8 19. Qc2 Rxb3 20. Qxb3 Ba4 21. Qa3 Bxd1 22. Bxe7 Ba4 23. Bxf8 Bxf8 24. Qa2 Bd6 25. Ra1 Bb5 26. Qxa5 Qc6 27. Ng3 h5 28. b3 h4 29. c4 hxg3 30. hxg3 Bxc4 31. bxc4 Qxc4 32. Qd5 Qxd5 33. exd5 f5 34. Rxa6 e4 35. g4 fxg4 36. Ra4 e3 37. fxe3 g3 38. Kf1 Kg7 39.
Ke2 Kf6 40. Re4 Kf5 41. Re6 g5 42. Kf3 g4+ 43. Ke2 Be5 44. Kd3 Bd6 45. e4+ Kf4 46.
Kd4 Ba3 47. Rf6+ Kg5 48. Rf5+ Kg6 49. Rf1 Bb2+ 50. Kc5 Be5 51. Kc6 Kg7 52. Kd7 Kg6 53. Ke6 Bd4 54. e5 Bf2 55. d6 cxd6 56. exd6 Kg5 57.
Rb1 1-0

[Event "Early-Titled-Tuesday-Blitz-November-28-2023"]
[Site "Chess.com"]
[Date "2023.11.28"]
[Round "3"]
[White "Iskusnyh"]
[Black "Niilo1"]
[Result "1-0"]
[WhiteElo "2547"]
[BlackElo "2288"]
[TimeControl "180+1"]
[EndTime "8:27:45 PST"]
[Termination "Iskusnyh won by resignation"]

1. d4 Nf6 2. c4 e6 3. g3 d5 4. Bg2 Bb4+ 5. Nd2 O-O 6. Nf3 dxc4 7. Qc2 b5 8. a4 c6 9. axb5 cxb5 10.
Ng5 h6 11. h4 g6 12. Bxa8 hxg5 13. hxg5 Nd5 14. Kf1 a5 15. Ne4 Be7 16. Bd2 Nb4 17. Qc3 N8c6 18. d5 e5 19. Bxc6 Nxc6 20. dxc6 Qd5 21. Qf3 1-0

[Event "Early-Titled-Tuesday-Blitz-November-28-2023"]
[Site "Chess.com"]
[Date "2023.11.28"]
[Round "3"]
[White "KNVB"]
[Black "Gyulamiryan-koryun"]
[Result "1-0"]
[WhiteElo "2733"]
[BlackElo "1915"]
[TimeControl "180+1"]
[EndTime "8:27:46 PST"]
[Termination "KNVB won on time"]

1. e4 e5 2. Nf3 Nc6 3. Bc4 Nf6 4. Qe2 d6 5. Ng5 d5 6. exd5 Nd4 7. Qxe5+ Qe7 8.
Qxe7+ Bxe7 9. Bd3 Nxd5 10. Nf3 Nxf3+ 11. gxf3 g6 12. a3 O-O 13. Nc3 Nf4 14. Bf1 Bf5 15. d3 Rfe8 16. Bxf4 Bxa3+ 17. Kd2 Bxb2 18. Rb1 Bxc3+ 19.
Kxc3 b6 20. d4 1-0

[Event "Early-Titled-Tuesday-Blitz-November-28-2023"]
[Site "Chess.com"]
[Date "2023.11.28"]
[Round "3"]
[White "vasblesk"]
[Black "DenLaz"]
[Result "1-0"]
[WhiteElo "2816"]
[BlackElo "3047"]
[TimeControl "180+1"]
[EndTime "8:27:47 PST"]
[Termination "vasblesk won by resignation"]

1. d4 Nf6 2. Nf3 d5 3. c4 c6 4. Qc2 dxc4 5. Qxc4 Bf5 6. g3 e6 7. Bg2 Be7 8. O-O O-O 9. e3 Nbd7 10. Rd1 Qc7 11. Qe2 e5 12. Nc3 e4 13. Nh4 Bg4 14. f3 exf3 15. Bxf3 Bxf3 16. Qxf3 c5 17. Nf5 Rfe8 18.
d5 Bf8 19. e4 Ne5 20. Qe2 Qd7 21. Bg5 Be7 22. d6 Bd8 23. Bxf6 Bxf6 24. Nd5 Bd8 25.
Rf1 Nc6 26. Qg4 1-0

[Event "Early-Titled-Tuesday-Blitz-November-28-2023"]
[Site "Chess.com"]
[Date "2023.11.28"]
[Round "3"]
[White "The_Machine04"]
[Black "zajka-molotok"]
[Result "0-1"]
[WhiteElo "2631"]
[BlackElo "2504"]
[TimeControl "180+1"]
[EndTime "8:27:52 PST"]
[Termination "zajka-molotok won on time"]

1. c3 d5 2. Nf3 Nf6 3. g3 Bf5 4.
Bg2 e6 5. O-O h6 6. d3 c6 7.
Nbd2 Nbd7 8. Re1 Bh7 9. e4 Nc5 10. e5 Nfd7 11. d4 Nd3 12. Re3 Be7 13. Nf1 Nxc1 14. Rxc1 O-O 15. Ne1 c5 16. f4 Rc8 17. Nf3 Qa5 18. a3 cxd4 19. cxd4 Nb6 20. Rec3 Rxc3 21. Rxc3 Nc4 22. Qb3 b5 23. N1d2 Qb6 0-1

[Event "Early-Titled-Tuesday-Blitz-November-28-2023"]
[Site "Chess.com"]
[Date "2023.11.28"]
[Round "3"]
[White "bubeliang"]
[Black "viktorgen2021"]
[Result "1-0"]
[WhiteElo "2639"]
[BlackElo "2470"]
[TimeControl "180+1"]
[EndTime "8:27:53 PST"]
[Termination "bubeliang won on time"]

1. e4 g6 2. d4 Bg7 3. Nc3 d6 4. Bc4 Nf6 5. Qe2 O-O 6. e5 Ne8 7. e6 f5 8. Nf3 c6 9. O-O d5 10.
Bb3 Qd6 11. Re1 Rf6 12. Bg5 Rxe6 13. Qd2 Nf6 14. Bf4 Qd8 15. Ng5 Rxe1+ 16. Rxe1 Ne4 17.
Ngxe4 fxe4 18. Nxe4 Nd7 19. Ng5 Nf6 20. Ne6 Bxe6 21. Rxe6 Qd7 22. Qe2 Kf7 23. Re3 Re8 24.
c3 Kg8 25. Bc2 Qg4 26. Rf3 e5 27. Bxe5 Qh5 28. Qd1 Ng4 29. Bg3 Bh6 30. h3 Ne3 31. fxe3 Bxe3+ 32. Kh2 Qg5 33. Qf1 h5 34. Bd6 Kg7 35.
Rf7+ Kh6 36. Bf8+ Rxf8 37. Rxf8 h4 38. Rf6 Qg3+ 39. Kh1 Bf4 40. Rxg6+ 1-0

[Event "Early-Titled-Tuesday-Blitz-November-28-2023"]
[Site "Chess.com"]
[Date "2023.11.28"]
[Round "3"]
[White "Sconko"]
[Black "Alexsur1981"]
[Result "0-1"]
[WhiteElo "2197"]
[BlackElo "2870"]
[TimeControl "180+1"]
[EndTime "8:27:54 PST"]
[Termination "Alexsur1981 won by resignation"]

1. e4 c5 2. Nc3 Nc6 3. Bb5 Nd4 4. Nf3 e6 5. O-O a6 6. Bd3 Nc6 7. Nd5 d6 8. Ne3 Nf6 9. c3 d5 10. exd5 Nxd5 11. Bc2 Nxe3 12. dxe3 Bd6 13. e4 Qc7 14. Qe2 b6 15. h3 Bb7 16. Bg5 h6 17. Be3 O-O-O 18.
a4 Bf4 19. Rad1 Bxe3 20. Qxe3 Rxd1 21. Rxd1 Rd8 22. Rxd8+ Kxd8 23. e5 Ke7 24. Qf4 Nb8 25. Be4 Bxe4 26. Qxe4 Nd7 27. Qa8 Nb8 28. h4 b5 29. axb5 axb5 30. c4 bxc4 31. Qe4 Nd7 32. g3 Qb8 33. Qe2 Qb3 34. Qd2 Qxf3 35. Qd6+ Ke8 36.
Qc7 Qd5 37. Qc8+ Ke7 38. Qc7 Qxe5 39. Qc6 c3 40. bxc3 Qxc3 41. Qe4 Qd4 42. Qf3 c4 0-1

[Event "Early-Titled-Tuesday-Blitz-November-28-2023"]
[Site "Chess.com"]
[Date "2023.11.28"]
[Round "3"]
[White "Sulthankan"]
[Black "Alenzer"]
[Result "1-0"]
[WhiteElo "2350"]
[BlackElo "2036"]
[TimeControl "180+1"]
[EndTime "8:27:55 PST"]
[Termination "Sulthankan won by resignation"]

1. d4 d5 2. c4 dxc4 3. e3 a6 4. Bxc4 Nf6 5. Nf3 e6 6. O-O b5 7.
Bb3 Bb7 8. Nc3 c5 9. a3 Nbd7 10. d5 exd5 11. Nxd5 Nxd5 12. Bxd5 Bxd5 13. Qxd5 Nf6 14.
Qc6+ Nd7 15. Rd1 Ra7 16. Ne5 Be7 17. Qe4 f6 18. Nc6 Ne5 19. Nxd8 1-0

[Event "Early-Titled-Tuesday-Blitz-November-28-2023"]
[Site "Chess.com"]
[Date "2023.11.28"]
[Round "3"]
[White "djokovic74"]
[Black "xamax2000"]
[Result "0-1"]
[WhiteElo "2699"]
[BlackElo "2924"]
[TimeControl "180+1"]
[EndTime "8:27:56 PST"]
[Termination "xamax2000 won on time"]

1. e4 c6 2. Nf3 d5 3. Nc3 dxe4 4. Nxe4 Nf6 5. Qe2 Bg4 6. Nxf6+ gxf6 7. h3 Bh5 8. d3 c5 9. g4 Bg6 10. Bd2 Nc6 11. Bg2 e6 12. O-O-O Qd7 13. Kb1 O-O-O 14.
Bc3 Be7 15. Nd2 Rhg8 16. f4 f5 17. g5 Bd6 18. Qf2 Qc7 19. Rdf1 Kb8 20. Nc4 Ka8 21. a4 Bh5 22. a5 a6 23. Nb6+ Ka7 24. b4 Kb8 25. bxc5 Be7 26. Ka1 Ka7 27. Rb1 Rb8 28.
Rb3 Rgd8 29. Rhb1 Bf8 0-1

[Event "Early-Titled-Tuesday-Blitz-November-28-2023"]
[Site "Chess.com"]
[Date "2023.11.28"]
[Round "3"]
[White "Bauman_Guy"]
[Black "ChessRespected"]
[Result "1-0"]
[WhiteElo "2886"]
[BlackElo "2521"]
[TimeControl "180+1"]
[EndTime "8:27:56 PST"]
[Termination "Bauman_Guy won on time"]

1. e4 e5 2. Nf3 Nc6 3. Bb5 a6 4.
Ba4 b5 5. Bb3 Nf6 6. d4 d6 7.
dxe5 Nxe5 8. Nxe5 dxe5 9. Bxf7+ Kxf7 10. Qxd8 Bb4+ 11. Qd2 Bxd2+ 12. Nxd2 Bb7 13. f3 Rhd8 14. Nb3 a5 15. Be3 a4 16. Nc5 Bc8 17. a3 Be6 18.
Kf2 Nd7 19. Nd3 Bc4 20. Rhd1 Bxd3 21. Rxd3 Nf8 22. Rad1 Rxd3 23. Rxd3 Ke6 24. Rc3 Rc8 25. Rc6+ Kd7 26. Rc5 c6 27. Rxe5 Ne6 28. Rh5 h6 29. g4 Rh8 30. h4 Ke7 31. g5 Kf7 32. gxh6 g6 33. Re5 Kf6 34. f4 Rxh6 35. Rxe6+ Kxe6 36.
f5+ gxf5 37. Bxh6 1-0

[Event "Early-Titled-Tuesday-Blitz-November-28-2023"]
[Site "Chess.com"]
[Date "2023.11.28"]
[Round "3"]
[White "ljuks68"]
[Black "M1711"]
[Result "0-1"]
[WhiteElo "2427"]
[BlackElo "2603"]
[TimeControl "180+1"]
[EndTime "8:27:58 PST"]
[Termination "M1711 won by resignation"]

1. e4 e6 2. d4 d5 3. Nc3 Nf6 4.
Bg5 h6 5. Bxf6 Qxf6 6. e5 Qd8 7. f4 c5 8. Nf3 Nc6 9. Bd3 g5 10. fxg5 hxg5 11. dxc5 g4 12. Nd2 Nxe5 13. Qe2 Nxd3+ 14. cxd3 Bxc5 15. Qxg4 Qh4+ 16. Qxh4 Rxh4 17. Nf3 Rh8 18. Rc1 Bb6 19. Ke2 Bd7 20. Ne5 f6 21. Nf3 Ke7 22. Rce1 Kd6 23. g3 e5 24. Nh4 Rac8 25.
Rhf1 Bg4+ 26. Kd2 Ke6 27. Ng6 Rxh2+ 0-1

[Event "Early-Titled-Tuesday-Blitz-November-28-2023"]
[Site "Chess.com"]
[Date "2023.11.28"]
[Round "3"]
[White "Rumpel-VK"]
[Black "GoValya"]
[Result "1-0"]
[WhiteElo "2539"]
[BlackElo "2218"]
[TimeControl "180+1"]
[EndTime "8:28:00 PST"]
[Termination "Rumpel-VK won by resignation"]

1. d4 Nf6 2. c4 c5 3. d5 d6 4. Nc3 g6 5. e4 e6 6. h3 exd5 7. exd5 Bg7 8. Nf3 O-O 9. Bd3 Re8+ 10. Be3 a6 11. a4 Bh6 12. O-O Bxe3 13. fxe3 Rxe3 14. Qd2 Re8 15. Qh6 Nbd7 16. Ng5 Qe7 17. Nce4 Qe5 18. Nxf6+ Nxf6 19. Rxf6 Qxf6 20. Qxh7+ Kf8 21.
Rf1 Bf5 22. Bxf5 Qd4+ 23. Kh1 Qf6 24. Bd3 Re1 25. Rxe1 1-0

[Event "Early-Titled-Tuesday-Blitz-November-28-2023"]
[Site "Chess.com"]
[Date "2023.11.28"]
[Round "3"]
[White "SimplyDevina"]
[Black "infantaria08"]
[Result "1-0"]
[WhiteElo "2401"]
[BlackElo "2200"]
[TimeControl "180+1"]
[EndTime "8:28:00 PST"]
[Termination "SimplyDevina won by resignation"]

1. d4 Nf6 2. c4 e6 3. Nc3 Bb4 4. Qc2 c5 5. e3 O-O 6. Nf3 b6 7. Be2 Nc6 8. O-O Bxc3 9. Qxc3 Ne4 10. Qc2 f5 11. b3 Nb4 12. Qb2 Bb7 13. a3 Nc6 14.
Rd1 Qe7 15. d5 exd5 16. cxd5 Nd8 17. d6 Nxd6 18. Qd2 N8f7 19. Bb2 Rad8 20. Qc3 Nh6 21. Rxd6 Ng4 22. Rad1 Bc6 23. Ne5 Nxe5 24. Qxe5 Qf7 25. Bc4 1-0

[Event "Early-Titled-Tuesday-Blitz-November-28-2023"]
[Site "Chess.com"]
[Date "2023.11.28"]
[Round "3"]
[White "Der_Balak_3Halak"]
[Black "zverr1"]
[Result "0-1"]
[WhiteElo "2300"]
[BlackElo "2541"]
[TimeControl "180+1"]
[EndTime "8:28:01 PST"]
[Termination "zverr1 won by resignation"]

1. d4 Nf6 2. Nf3 g6 3. e3 Bg7 4. Bd3 O-O 5. Nbd2 d5 6. c3 b6 7. O-O Bb7 8. Qe2 Nbd7 9. b4 e5 10. Nxe5 Nxe5 11. dxe5 Nd7 12. f4 Qe7 13. Nf3 f6 14. exf6 Nxf6 15. Ne5 Nd7 16. Nxd7 Qxd7 17. Bd2 Rae8 18. Qf2 Kh8 19. Rae1 Qa4 20. h4 c5 21. h5 c4 22. Bb1 Qc6 23. hxg6 hxg6 24. Qh4+ Kg8 25.
f5 d4 26. Rf3 d3 27. fxg6 Qxg6 28. e4 Rxf3 29. Kh1 Qf6 30. Qxf6 Rxf6 0-1

[Event "Early-Titled-Tuesday-Blitz-November-28-2023"]
[Site "Chess.com"]
[Date "2023.11.28"]
[Round "3"]
[White "KononenkoD"]
[Black "Zapateado"]
[Result "1-0"]
[WhiteElo "2510"]
[BlackElo "2356"]
[TimeControl "180+1"]
[EndTime "8:28:02 PST"]
[Termination "KononenkoD won on time"]

1. e4 c5 2. Nf3 g6 3. d4 cxd4 4. Qxd4 Nf6 5. Bb5 a6 6. e5 axb5 7.
exf6 Nc6 8. Qh4 Ra4 9. Qg3 Re4+ 10. Be3 Bh6 11. O-O Bxe3 12. fxe3 exf6 13. Nc3 Re6 14.
Nxb5 O-O 15. Rae1 Qb6 16. Nbd4 Qxb2 17. Nxe6 fxe6 18. e4 e5 19. Qf2 Qxa2 20. Qd2 Qc4 21. Qd5+ Qxd5 22. exd5 Nb4 23. c4 d6 24. Rb1 Nd3 25. Rb6 Rd8 26. Nd2 Kg7 27. Ne4 f5 28.
Nxd6 e4 29. Nxb7 Rd7 30. Nd6 e3 31. Nxc8 e2 32. Ra1 Rd8 33. Ne7 Re8 34. d6 1-0